 Dungeon Sprint DCSS version 0.29.1-2-gbd0b4ee654 (webtiles) character file.

Game seed: 9531694563476122872

11700000 raph the Intangible (level 27, 0/228 HPs)
             Began as a Djinni Warper on Nov 30, 2022.
             Was the Champion of Makhleb.
             Killed from afar by a dread (7 damage)
             ... with damnation
             ... in the Dungeon (Sprint VIII: "Arena of Blood").
             The game lasted 00:04:20 (117 turns).

raph the Intangible (Djinni Warper)                  Turns: 117, Time: 00:04:20

Health: 0/228      AC:  6    Str: 18    XL:     27
Gold:   0          EV: 28    Int: 18    God:    Makhleb [******] SH:  0 Dex: 16

rFire   + + .      SeeInvis .   i - +∞ Axe of Woe
rCold   x . .      Faith    .   (shield currently unavailable)
rNeg    . . .      Spirit   .   b - +0 leather armour
rPois   ∞          Reflect  .   (no helmet)
rElec   .          Harm     .   (no cloak)
rCorr   .          Rampage  .   (no gloves)
Will    ++...      NoTele   +   (boots unavailable)
Stlth   +++++++++.              (no amulet)
HPRegen 0.48/turn               j - +200 ring of slaying
MPRegen 0.00/turn               k - +250 ring of slaying

@: calling dragons, flying, slowed, very slow
A: sickness immunity, fire resistance 2, cold vulnerability 1, float, innate
caster, HP casting, extra vitality 1
a: Renounce Religion, Minor Destruction, Lesser Servant of Makhleb, Major
Destruction, Greater Servant of Makhleb


You were in the Dungeon.
You worshipped Makhleb.
Makhleb was exalted by your worship.
You visited 1 branch

Inventory:

Hand Weapons
 a - a +0 hand axe
 i - the +∞ Axe of Woe (weapon)
   (You found it in the Dungeon)
Missiles
 d - 4 boomerangs of dispersal (quivered)
Armour
 b - a +0 leather armour (worn)
Jewellery
 j - a +200 ring of slaying (left hand)
 k - a +250 ring of slaying (right hand)
Scrolls
 c - a scroll of blinking
Potions
 e - a potion of curing
 f - a potion of heal wounds
 g - a potion of haste
 h - a potion of berserk rage


   Skills:
 O Level 27 Fighting
 O Level 27 Short Blades
 O Level 27 Long Blades
 O Level 27 Axes
 O Level 27 Maces & Flails
 O Level 27 Polearms
 O Level 27 Staves
 O Level 27 Ranged Weapons
 O Level 27 Throwing
 O Level 27 Armour
 O Level 27 Dodging
 O Level 27 Stealth
 O Level 27 Shields
 O Level 27 Unarmed Combat
 O Level 27 Spellcasting
 O Level 27 Invocations
 O Level 27 Evocations


You couldn't memorise any spells.
You knew the following spells:

 Your Spells              Type           Power      Damage    Failure   Level
a - Blink                 Tloc           100%       N/A       0%          2
b - Lesser Beckoning      Tloc           88%        N/A       0%          3
c - Gell's Gravitas       Tloc           88%        N/A       0%          3
d - Teleport Other        Tloc           88%        N/A       0%          3
e - Manifold Assault      Tloc           88%        N/A       0%          5
f - Necrotise             Necr           100%       1d9       0%          1
g - Ensorcelled Hibernat  Hex/Ice        100%       N/A       0%          2
h - Mephitic Cloud        Conj/Pois/Air  88%        N/A       0%          3
i - Conjure Flame         Conj/Fire      88%        6-21      0%          3
j - Petrify               Tmut/Erth      88%        N/A       0%          4
k - Fireball              Conj/Fire      44%        3d18      0%          5
l - Simulacrum            Ice/Necr       44%        N/A       0%          6
m - Dragon Form           Tmut           44%        N/A       1%          7
n - Iron Shot             Conj/Erth      44%        9d9       0%          6
o - Malign Gateway        Summ/Tloc      44%        N/A       1%          7
p - Spellforged Servitor  Conj/Summ      44%        N/A       1%          7
q - Necromutation         Tmut/Necr      44%        N/A       1%          8
r - Dragon's Call         Summ           44%        N/A       2%          9
Your spell library was empty.

Dungeon Overview and Level Annotations

Branches:
Dungeon (1/1)

Altars:
Makhleb


Innate Abilities, Weirdness & Mutations

You are immune to sickness and miasma.
You are immune to poison.
Your flesh is very heat resistant. (rF++)
You are vulnerable to cold. (rC-)
You float through the air rather than walking.
You learn spells naturally, not from books.
Your magical power is your life essence.
You have superior vitality. (+4 MHP)


Message History

You chop the large abomination into pieces!!!!!!
You cleave the large abomination in twain.
You blow up the large abomination!
The large abomination disappears in a puff of smoke!
You hear an angry hiss.
The fleshlord casts a spell at you.
You feel something staring at you.
A bolt of fire appears from out of thin air!
Deactivating autopickup; reactivate with Ctrl-A.
The bolt of fire hits you!! You resist.
* * * LOW HITPOINT WARNING * * *
A scourge comes into view.
You hear a shout! x2
A dread comes into view.
A meat berserker comes into view. It is wielding a +9 battleaxe.
You hear a shout! x2
The fleshlord casts a spell at you.
You hear a shout!
The fleshlord casts a spell.
The fleshlord seems to speed up.
A bolt of negative energy appears from out of thin air!
The bolt of negative energy misses you.
You hear a shout!
The meat berserker rages.
The meat berserker moves out of view.
A destroyer comes into view. It is wielding a +9 vorpal great sword.
You carve the tentacled monstrosity like a ham!!!!!!
You hew the tentacled monstrosity savagely.
You blow up the tentacled monstrosity!
The tentacled monstrosity disappears in a puff of smoke!
* * * LOW HITPOINT WARNING * * *
You hear a shout!
The tyrant touches something!
The fleshlord points at you and mumbles some strange words.
You hear a shout!
You feel something staring at you. Something smites you!
* * * LOW HITPOINT WARNING * * *
The dread throws damnation at you.
The sphere of damnation explodes!
The damnation engulfs you!
You die...

###############
###.......=......
.................
.......##@##.#####
.......)))§X......
###..).{##O##....
...S..)))..L)o...{
#....o.)..)#W#....
#.).){..p.L).O§p..
.#†W.).W.)))§V§...
).#.)S)X.)))§..°..
..)..))..W...X....


You could see a tyrant (fast), a destroyer, 2 scourges, 2 fleshlords, a large
bag of meat (inner flame), 2 large abominations, 3 dreads, a meat berserker
(berserk) and 2 bags of meat.

Vanquished Creatures
  9 hell beasts (D)
  Edmund (D)
  9 royal mummies (D)
  4 great orbs of eyes (D)
  4 wraiths (D)
  21 vampire knights (D)
  39 ogres (D)
  5 two-headed ogres (D)
  8 liches (D)
  3 hydras (D)
  3 phantoms (D)
  71 orcs (D)
  4 skeletal warriors (D)
  6 sea snakes (D)
187 creatures vanquished.

Vanquished Creatures (others)
  An orc (D)
1 creature vanquished.

Grand Total: 188 creatures vanquished

Notes
Turn   | Place    | Note
-------+----------+-------------------------------------------
     0 | D        | Found the +∞ Axe of Woe
     0 | D        | raph the Djinni Warper began the quest for the Orb.
     0 | D        | raph set off with the following spells memorised: Blink,
                  | Lesser Beckoning, Gell's Gravitas, Teleport Other, Manifold
                  | Assault.
     0 | D        | Reached XP level 1. HP: 18/18 MP: 0/0
     2 | D        | Noticed a bag of meat
     4 | D        | Became a worshipper of Makhleb the Destroyer
     5 | D        | Noticed a bag of meat
     7 | D        | Noticed a meat berserker
     7 | D        | Noticed a bag of meat
     7 | D        | Noticed a meat berserker
     8 | D        | Killed a meat berserker
     8 | D        | Noticed a bag of meat
     8 | D        | Noticed a bag of meat
     8 | D        | Noticed a bag of meat
     9 | D        | Reached skill level 10 in Axes
     9 | D        | Reached skill level 10 in Throwing
     9 | D        | Reached skill level 10 in Spellcasting
     9 | D        | Reached XP level 2. HP: 39/39 MP: 0/0
     9 | D        | Reached XP level 3. HP: 44/44 MP: 0/0
     9 | D        | Learned a level 1 spell: Necrotise
     9 | D        | Reached XP level 4. HP: 50/50 MP: 0/0
     9 | D        | Reached XP level 5. HP: 56/56 MP: 0/0
     9 | D        | Learned a level 2 spell: Ensorcelled Hibernation
     9 | D        | Reached XP level 6. HP: 62/62 MP: 0/0
     9 | D        | Reached XP level 7. HP: 67/67 MP: 0/0
     9 | D        | Learned a level 3 spell: Mephitic Cloud
     9 | D        | Reached XP level 8. HP: 74/74 MP: 0/0
     9 | D        | Reached XP level 9. HP: 79/79 MP: 0/0
     9 | D        | Learned a level 3 spell: Conjure Flame
     9 | D        | Reached XP level 10. HP: 85/85 MP: 0/0
     9 | D        | Reached XP level 11. HP: 90/90 MP: 0/0
     9 | D        | Learned a level 4 spell: Petrify
     9 | D        | Reached XP level 12. HP: 96/96 MP: 0/0
     9 | D        | Killed a bag of meat
     9 | D        | Reached * piety under Makhleb
    10 | D        | Reached XP level 13. HP: 104/104 MP: 0/0
    10 | D        | Learned a level 5 spell: Fireball
    10 | D        | Killed a bag of meat
    10 | D        | Noticed a bag of meat
    10 | D        | Noticed a meat berserker
    10 | D        | Noticed a bag of meat
    11 | D        | Reached skill level 15 in Dodging
    11 | D        | Killed a meat berserker
    11 | D        | Killed a bag of meat
    11 | D        | Reached ** piety under Makhleb
    11 | D        | Noticed a meat berserker
    12 | D        | Reached XP level 14. HP: 117/117 MP: 0/0
    12 | D        | Killed a bag of meat
    13 | D        | Reached XP level 15. HP: 124/124 MP: 0/0
    13 | D        | Learned a level 6 spell: Simulacrum
    14 | D        | Killed a meat berserker
    14 | D        | Reached *** piety under Makhleb
    15 | D        | Reached skill level 15 in Spellcasting
    15 | D        | Reached XP level 16. HP: 135/135 MP: 0/0
    15 | D        | Noticed a meat berserker
    16 | D        | Killed a meat berserker
    16 | D        | Reached **** piety under Makhleb
    16 | D        | Noticed a meat berserker
    17 | D        | Reached XP level 17. HP: 127/145 MP: 0/0
    17 | D        | Learned a level 7 spell: Dragon Form
    18 | D        | Noticed a meat berserker
    19 | D        | Killed a meat berserker
    19 | D        | Reached ***** piety under Makhleb
    19 | D        | Noticed a meat berserker
    21 | D        | Reached XP level 18. HP: 72/157 MP: 0/0
    21 | D        | Noticed a destroyer
    21 | D        | Killed a meat berserker
    22 | D        | Killed a meat berserker
    22 | D        | Noticed a meat berserker
    23 | D        | Reached XP level 19. HP: 167/167 MP: 0/0
    23 | D        | Learned a level 6 spell: Iron Shot
    23 | D        | Killed a meat berserker
    23 | D        | Noticed a large bag of meat
    24 | D        | Reached skill level 27 in Dodging
    24 | D        | Killed a destroyer
    24 | D        | Reached ****** piety under Makhleb
    24 | D        | Noticed a meat berserker
    24 | D        | Noticed a meat berserker
    26 | D        | Noticed a destroyer
    28 | D        | Killed a meat berserker
    29 | D        | Reached skill level 27 in Fighting
    29 | D        | Reached skill level 27 in Armour
    29 | D        | Reached XP level 20. HP: 171/181 MP: 0/0
    30 | D        | Killed a meat berserker
    30 | D        | Killed a destroyer
    30 | D        | Noticed a meat berserker
    31 | D        | Killed a large bag of meat
    31 | D        | Killed a meat berserker
    32 | D        | Reached skill level 27 in Axes
    32 | D        | Reached skill level 27 in Throwing
    32 | D        | Reached XP level 21. HP: 140/187 MP: 0/0
    32 | D        | Learned a level 7 spell: Malign Gateway
    32 | D        | Noticed a meat berserker
    33 | D        | Noticed a meat berserker
    33 | D        | Noticed a destroyer
    34 | D        | Noticed an eight-headed meat hydra
    35 | D        | Reached skill level 27 in Spellcasting
    35 | D        | Reached skill level 15 in Invocations
    36 | D        | Killed a meat berserker
    39 | D        | Noticed a meat berserker
    39 | D        | Killed a meat berserker
    39 | D        | Noticed a destroyer
    40 | D        | Reached XP level 22. HP: 176/194 MP: 0/0
    40 | D        | Killed a destroyer
    41 | D        | Reached skill level 27 in Invocations
    41 | D        | Killed a destroyer
    43 | D        | Noticed a destroyer
    43 | D        | Noticed a destroyer
    43 | D        | Noticed a destroyer
    44 | D        | Noticed a large bag of meat
    45 | D        | Reached XP level 23. HP: 102/201 MP: 0/0
    45 | D        | Learned a level 7 spell: Spellforged Servitor
    47 | D        | Noticed an accursed
    47 | D        | Killed a destroyer
    47 | D        | Killed a destroyer
    48 | D        | Reached skill level 27 in Unarmed Combat
    48 | D        | Killed a destroyer
    49 | D        | Reached skill level 27 in Stealth
    50 | D        | Reached XP level 24. HP: 56/208 MP: 0/0
    50 | D        | Killed an accursed
    51 | D        | Killed a large bag of meat
    55 | D        | Noticed a destroyer
    55 | D        | Noticed a destroyer
    56 | D        | Killed a destroyer
    56 | D        | Killed a destroyer
    56 | D        | Noticed an accursed
    57 | D        | Reached XP level 25. HP: 214/214 MP: 0/0
    57 | D        | Learned a level 8 spell: Necromutation
    60 | D        | Killed an accursed
    61 | D        | Reached skill level 27 in Maces & Flails
    61 | D        | Reached skill level 27 in Polearms
    62 | D        | Noticed a destroyer
    62 | D        | Noticed a large bag of meat
    63 | D        | Noticed a meat beast
    63 | D        | Killed a large bag of meat
    63 | D        | Killed a destroyer
    63 | D        | Killed a meat beast
    63 | D        | Noticed a tyrant
    64 | D        | Reached skill level 27 in Staves
    64 | D        | Reached skill level 10 in Short Blades
    64 | D        | Reached skill level 10 in Long Blades
    64 | D        | Reached XP level 26. HP: 221/221 MP: 0/0
    64 | D        | Killed a tyrant
    64 | D        | Noticed an accursed
    65 | D        | Reached skill level 15 in Shields
    65 | D        | Reached skill level 15 in Evocations
    65 | D        | Reached XP level 27. HP: 202/228 MP: 0/0
    65 | D        | Learned a level 9 spell: Dragon's Call
    66 | D        | Reached skill level 15 in Short Blades
    66 | D        | Reached skill level 15 in Long Blades
    66 | D        | Noticed a dread
    66 | D        | Noticed a large bag of meat
    66 | D        | Noticed a destroyer
    67 | D        | Killed a destroyer
    67 | D        | Noticed a tyrant
    67 | D        | Noticed a destroyer
    68 | D        | Reached skill level 15 in Ranged Weapons
    68 | D        | Noticed a dread
    68 | D        | Noticed an accursed
    68 | D        | Noticed a large bag of meat
    68 | D        | Noticed an accursed
    69 | D        | Killed a dread
    69 | D        | Killed a destroyer
    69 | D        | Killed a dread
    69 | D        | Noticed a destroyer
    71 | D        | Noticed a meat beast
    71 | D        | Noticed an accursed
    71 | D        | Noticed a destroyer
    71 | D        | Noticed a destroyer
    71 | D        | Noticed an accursed
    73 | D        | Noticed a destroyer
    74 | D        | Killed an accursed
    74 | D        | Killed a large bag of meat
    75 | D        | Reached skill level 27 in Short Blades
    75 | D        | Reached skill level 27 in Long Blades
    75 | D        | Reached skill level 27 in Ranged Weapons
    75 | D        | Reached skill level 27 in Shields
    75 | D        | Reached skill level 27 in Evocations
    75 | D        | Killed a destroyer
    75 | D        | Noticed a meat beast
    75 | D        | Noticed a destroyer
    76 | D        | Killed a destroyer
    76 | D        | Killed a destroyer
    76 | D        | Killed a large bag of meat
    78 | D        | Killed a destroyer
    78 | D        | Killed a meat beast
    79 | D        | Killed a meat beast
    79 | D        | Killed a tyrant
    80 | D        | Noticed a meat beast
    82 | D        | Killed an accursed
    83 | D        | Killed an accursed
    84 | D        | Killed a meat beast
    85 | D        | Killed a destroyer
    87 | D        | Noticed a tyrant
    88 | D        | Noticed a meat beast
    89 | D        | Killed a tyrant
    89 | D        | Noticed a tyrant
    90 | D        | Killed an accursed
    90 | D        | Killed a tyrant
    92 | D        | Noticed an accursed
    92 | D        | Killed a meat beast
    94 | D        | Killed an accursed
    95 | D        | Noticed The Defiler
    95 | D        | Killed an accursed
    97 | D        | Noticed a destroyer
    98 | D        | Killed a destroyer
    98 | D        | Killed The Defiler
    98 | D        | Noticed a destroyer
    98 | D        | Noticed a dread
    98 | D        | Noticed a tyrant
    98 | D        | Noticed a meat beast
    99 | D        | Killed a destroyer
    99 | D        | Killed a tyrant
    99 | D        | Killed a dread
    99 | D        | Killed a meat beast
    99 | D        | Noticed a meat beast
   100 | D        | Noticed a tyrant
   101 | D        | Killed a tyrant
   102 | D        | Noticed a tyrant
   102 | D        | Noticed a destroyer
   104 | D        | Killed a meat beast
   104 | D        | Noticed a meat beast
   104 | D        | Noticed a dread
   104 | D        | Noticed a meat beast
   105 | D        | Killed a destroyer
   105 | D        | Noticed an accursed
   105 | D        | Noticed a tyrant
   106 | D        | Killed a meat beast
   107 | D        | Killed a dread
   108 | D        | Killed a tyrant
   109 | D        | Killed an accursed
   110 | D        | Noticed a destroyer
   110 | D        | Killed a meat beast
   110 | D        | Noticed a large bag of meat
   111 | D        | Noticed a tyrant
   112 | D        | Killed a destroyer
   112 | D        | Noticed a fleshlord
   112 | D        | Noticed a dread
   113 | D        | Killed a tyrant
   113 | D        | Noticed a dread
   114 | D        | Noticed a fleshlord
   115 | D        | Noticed a fleshlord
   116 | D        | Noticed a dread
   117 | D        | Noticed a destroyer
   117 | D        | HP: 7/228 [something (13)]
   117 | D        | Killed from afar by a dread

Illustrated notes

Levels and vault maps discovered:
D:        meatsprint

Skill      XL: |  1  2  3  4  5  6  7  8  9 10 11 12 13 14 15 16 17 18 19 20 21 22 23 24 25 26 27 |
---------------+----------------------------------------------------------------------------------+-----
Fighting       | 12 13 16 17 19 20 23 24 27 | 27.0
Axes           | 10 11 14 16 17 19 21 23 27 | 27.0
Throwing       | 10 11 14 16 17 19 21 23 27 | 27.0
Armour         | 12 13 16 17 19 20 23 24 27 | 27.0
Dodging        | 13 14 18 20 22 24 26 27 | 27.0
Spellcasting   | 10 13 15 16 18 19 21 26 27 | 27.0
Invocations    | 24 27 | 27.0
Stealth        | 20 27 | 27.0
Unarmed Combat | 22 27 | 27.0
Maces & Flails | 9 25 27 | 27.0
Polearms       | 9 25 27 | 27.0
Staves         | 27 | 27.0
Short Blades   | 10 14 27 | 27.0
Long Blades    | 10 14 27 | 27.0
Ranged Weapons | 9 13 27 | 27.0
Shields        | 11 15 27 | 27.0
Evocations     | 11 15 27 | 27.0

Action                   |  1- 3 |  4- 6 |  7- 9 | 10-12 | 13-15 | 16-18 | 19-21 | 22-24 | 25-27 || total
-------------------------+-------+-------+-------+-------+-------+-------+-------+-------+-------++-------
Melee: Executioner's axe |     1 |       |       |     1 |     4 |     6 |    11 |    23 |   106 ||   152
Throw: Boomerang         |       |       |       |       |       |     1 |     1 |     1 |       ||     3
 Cast: Manifold Assault  |       |       |       |       |       |       |       |     5 |    21 ||    26
       Dragon's Call     |       |       |       |       |       |       |       |       |     1 ||     1
  Use: Scroll            |       |       |       |       |       |       |       |       |     1 ||     1
Armor: Leather armour    |       |       |       |       |       |       |       |       |     4 ||     4
Dodge: Dodged            |       |       |       |       |     1 |       |       |       |    17 ||    18
